 Seeded DCSS version 0.30-a0-137-gd8773701ce (webtiles) character file.

Game seed: 1122199492344515696 (custom seed)

88 valliere the Stinger (level 4, 0/27 HPs)
             Began as an Octopode Venom Mage on Sept 22, 2022.
             Slain by Ijyb
             ... wielding a +0 club
              (2 damage)
             ... on level 3 of the Dungeon.
             The game lasted 00:05:02 (2823 turns).

valliere the Stinger (Octopode Venom Mage)          Turns: 2823, Time: 00:05:02

Health: 0/27       AC:  1    Str:  9    XL:     4   Next: 54%
Magic:  6/7        EV: 13    Int: 17    God:
Gold:   91         SH:  0    Dex: 12    Spells: 3/8 levels left

rFire   . . .      SeeInvis .    (no weapon)
rCold   . . .      Faith    .    (no shield)
rNeg    . . .      Spirit   .    (helmet restricted)
rPois   .          Reflect  .    (no amulet)
rElec   .          Harm     .    (no ring)
rCorr   .          Rampage  .    (no ring)
Will    .....                    (no ring)
Stlth   ++........               (no ring)
HPRegen 0.09/turn                (no ring)
MPRegen 0.10/turn                (no ring)
                                 (no ring)
                                 (no ring)

@: confused
A: almost no armour, amphibious, 8 rings, camouflage 1, gelatinous body 1,
(nimble swimmer 1), tentacles
a: no special abilities


You were on level 3 of the Dungeon.
You visited 1 branch of the dungeon, and saw 3 of its levels.

You collected 91 gold pieces.

Inventory:

Jewellery
 b - an amulet of regeneration
Scrolls
 d - 4 scrolls of identify {unknown}
 e - a scroll of fear {unknown}
 f - 2 scrolls of enchant armour {unknown}
 h - 2 scrolls of butterflies {unknown}
 i - a scroll of vulnerability {unknown}
Potions
 a - a potion of magic
 c - 4 potions of heal wounds {unknown}
 g - 2 potions of brilliance {unknown}


   Skills:
 + Level 2.7 Dodging
 + Level 3.7 Stealth
 + Level 2.6 Spellcasting
 - Level 1.0 Transmutations
 * Level 4.8 Poison Magic


You had 3 spell levels left.
You knew the following spells:

 Your Spells              Type           Power      Damage    Failure   Level
a - Sting                 Tmut/Pois      48%        1d5       5%          1
b - Olgreb's Toxic Radia  Pois           18%        N/A       26%         4

Your spell library contained the following spells:

 Spells                   Type           Power      Damage    Failure   Level
 Poisonous Vapours        Pois/Air       20%        N/A       11%         2
 Cigotuvi's Dreadful Rot  Necr/Pois/Air  14%        N/A       14%         2
 Shock                    Conj/Air       8%         1d3       19%         1
 Mephitic Cloud           Conj/Pois/Air  7%         N/A       28%         3
 Gell's Gravitas          Tloc           2%         N/A       50%         3
 Lesser Beckoning         Tloc           2%         N/A       50%         3
 Swiftness                Air            2%         N/A       50%         3
 Teleport Other           Tloc           2%         N/A       50%         3
 Airstrike                Air            1%         2d(1-17)  88%         4
 Dispel Undead            Necr           2%         3d7       88%         4
 Death Channel            Necr           1%         N/A       100%        6


Dungeon Overview and Level Annotations

Branches:
Dungeon (3/15)

Altars:

Shops:
D:2 (

Annotations:
D:3 Ijyb


Innate Abilities, Weirdness & Mutations

You cannot wear most types of armour.
You are amphibious.
You can wear up to eight rings at the same time.
Your skin changes colour to match your surroundings (Stealth+).
Your rubbery body absorbs attacks. (AC +1, EV +1)
((You are camouflaged when in or above water. (Stealth+)))
You have tentacles for arms and can constrict up to eight enemies at once.


Message History

Ijyb the Twisted Goblin comes into view.
She is wielding a +0 club and carrying a wand of charming (8).
A kobold comes into view.
It is wielding a +0 dagger and quivering poisoned darts.
The sting hits Ijyb but does no damage.
Ijyb is poisoned.
Ijyb shouts!
The sting hits Ijyb but does no damage.
Ijyb looks even sicker.
Ijyb is lightly wounded.
The kobold shouts!
Ijyb grins evilly.
Ijyb zaps a wand.
Your will is overpowered!
You are confused.
You're too confused to cast spells.
Ijyb closely misses you.
You bump into the rock wall.
Ijyb hits you with a +0 club.
You barely miss Ijyb.
Ijyb is heavily wounded.
Ijyb hits you with a +0 club.
You closely miss Ijyb.
Ijyb is heavily wounded.
Ijyb misses you.
You completely miss Ijyb.
Ijyb is heavily wounded.
Ijyb zaps a wand.
Your will is overpowered!
You are more confused.
You bump into the rock wall.
Ijyb hits you with a +0 club.
You tentacle-slap Ijyb but do no damage.
Ijyb is severely wounded.
Ijyb hits you with a +0 club.
You bump into the rock wall.
Ijyb hits you with a +0 club.
You bump into the rock wall.
Ijyb hits you with a +0 club.
* * * LOW HITPOINT WARNING * * *
You tentacle-slap Ijyb but do no damage.
Ijyb is severely wounded.
Ijyb looks more healthy.
Ijyb hits you with a +0 club.
* * * LOW HITPOINT WARNING * * *
You're too confused to cast spells.
Sorry, you're not good enough to have a special ability.
You miss Ijyb. Your squeeze misses Ijyb.
Ijyb is severely wounded.
Ijyb hits you with a +0 club.
You die...

......# #######
#######################.
................@gK.....
########################


You could see Ijyb and a kobold.

Vanquished Creatures
  2 adders (D:2)
  2 worms (D:2)
  3 dart slugs (D:2)
  An orc (D:3)
  3 ball pythons
  8 endoplasms
  3 giant cockroaches
  7 goblins
  2 hobgoblins (D:1)
  8 jackals
  2 quokkas
  6 bats
  3 kobolds
  A rat (D:2)
51 creatures vanquished.

Notes
Turn   | Place    | Note
-------+----------+-------------------------------------------
     0 | D:1      | valliere the Octopode Venom Mage began the quest for the
                  | Orb.
     0 | D:1      | Reached XP level 1. HP: 11/11 MP: 3/3
   290 | D:1      | Reached XP level 2. HP: 17/17 MP: 1/5
   402 | D:1      | Reached skill level 4 in Poison Magic
   548 | D:1      | Found a faded altar of an unknown god.
   893 | D:1      | Reached XP level 3. HP: 13/21 MP: 1/6
  1719 | D:2      | Reached XP level 4. HP: 24/27 MP: 4/7
  1923 | D:2      | Found Gelocef's Weapon Emporium.
  2124 | D:2      | Learned a level 4 spell: Olgreb's Toxic Radiance
  2806 | D:3      | Noticed Ijyb
  2823 | D:3      | Slain by Ijyb

Illustrated notes

Levels and vault maps discovered:
D:1:      doesnt_arrival_eight_statues, layout_loops_corners,
          hellmonk_ecumenical_altar_crossroads
D:2:      layout_basic, serial_shops, shop, kennysheep_flooded_box,
          kennysheep_big_empty_room
D:3:      layout_basic, nemelex_xobeh_ov_fountains_minmay, uniq_ijyb,
          uniq_jessica

Skill      XL: |  1  2 |
---------------+-------+-----
Stealth        | 3 |  3.7
Poison Magic   | 4 |  4.8
Dodging        | |  2.7
Spellcasting   | |  2.6
Transmutations | |  1.0

Action                   |  1- 3 |  4- 6 || total
-------------------------+-------+-------++-------
Melee: Unarmed           |    45 |    28 ||    73
       Tentacles         |    18 |     6 ||    24
       Constrict         |    11 |     5 ||    16
 Cast: Sting             |    50 |    23 ||    73
Armor: Skin              |     8 |       ||     8
Dodge: Dodged            |    36 |    11 ||    47

Table legend: (Time is in decaauts)
 A = Elapsed time spent in this place.
 B = Non-inter-level travel time spent in this place.
 C = Inter-level travel time spent in this place.
 D = Time resting spent in this place.
 E = Time spent auto-exploring this place.
 F = Levels seen in this place.
 G = Mean time per level.
                   A        B        C        D        E       F      G
               +--------+--------+--------+--------+--------+-----+--------+
         Total |   2822 |   2765 |     57 |      0 |   2446 |   3 |  940.7 |
       Dungeon |   2822 |   2765 |     57 |      0 |   2446 |   3 |  940.7 |
               +--------+--------+--------+--------+--------+-----+--------+

Top non-repeatable levels by time:
     D:1: 1456 daAuts
     D:2: 1178 daAuts
     D:3: 187 daAuts
